 Dungeon Crawl Stone Soup version 0.30.1-4-g462c640d31 (webtiles) character file.

Game seed: 1233971052086245811

8968 unlimited1921 the Thaumaturge (level 11, 0/70 HPs)
             Began as a Djinni Fire Elementalist on Sept 14, 2023.
             Was a Follower of Ashenzari.
             Slain by a troll (8 damage)
             ... on level 1 of the Orcish Mines.
             The game lasted 00:57:02 (19266 turns).

unlimited1921 the Thaumaturge (DjFE)               Turns: 19266, Time: 00:57:02

Health: 0/70       AC:  8    Str:  7    XL:     11   Next: 65%
Gold:   747        EV: 13    Int: 24    God:    Ashenzari [*.....] SH:  5 Dex: 14

rFire   + + .        v - +3 war axe of the Cursed Jealousy {vamp, Melee, Evo} (curse)
rCold   x . .        (no shield)
rNeg    + . .        l - +0 steam dragon scales
rPois   ∞            (no helmet)
rElec   .            Q - +0 cloak "Anxiety of Ashenzari" {Cun, Fort} (curse)
rCorr   .            b - +0 pair of gloves
SInv    .            (boots unavailable)
Will    ++...        L - amulet of reflection
Stlth   +++          p - ring of wizardry
HPRegen 0.31/turn    g - ring of the Meadowlark {Contam rN+ Will+ Int+3 Slay+3}
MPRegen 0.00/turn

%: reflection, wizardry (x1), infuse magic (-1 HP)
@: flying
A: sickness immunity, fire resistance 2, cold vulnerability 1, float, innate
caster, HP casting, extra vitality 1
a: Renounce Religion, Curse Item, Shatter the Chains


You were on level 1 of the Orcish Mines.
You worshipped Ashenzari.
Ashenzari was aware of your devotion.
You visited 2 branches of the dungeon, and saw 11 of its levels.
You also visited: Ossuary.

You collected 747 gold pieces.

Inventory:

Hand Weapons
 d - a +1 scimitar of protection
 s - a +2 falchion of flaming
 v - the cursed +3 war axe of the Cursed Jealousy (weapon) {vamp, Melee, Evo}
   (You took it off an orc priest on level 5 of the Dungeon)

   It has a curse which improves the following skills: Melee Combat: Short
   Blades, Long Blades, Axes, Maces & Flails, Polearms, Staves and Unarmed
   Combat.
   Evocations: Evocations.
 x - a +0 falchion of electrocution
 J - a +2 hand axe of venom
 M - a +1 dagger of venom
 N - a +0 arbalest
 O - a +1 dagger of freezing
 R - a +4 spear
 T - a +4 trident
 V - a +1 long sword of holy wrath
Missiles
 G - 15 poisoned darts
 P - 3 boomerangs of dispersal
 S - 3 throwing nets
Armour
 b - a +0 pair of gloves (worn)
 l - +0 steam dragon scales (worn)
 y - a +0 ring mail of cold resistance
 Q - the cursed +0 cloak "Anxiety of Ashenzari" (worn) {Cun, Fort}
   (You found it on level 7 of the Dungeon)

   It has a curse which improves the following skills: Cunning: Dodging and
   Stealth.
   Fortitude: Armour and Shields.
Jewellery
 g - the ring of the Meadowlark (right hand) {Contam rN+ Will+ Int+3 Slay+3}
   (You acquired it on level 9 of the Dungeon)

   [ring of willpower]

   Int:       It affects your intelligence (+3).
   Slay:      It affects your accuracy & damage with ranged weapons and melee
   (+3).
   rN:        It protects you from negative energy.
   Contam:    It causes magical contamination when unequipped.
   Will:      It increases your willpower.
 p - a ring of wizardry (left hand)
 L - an amulet of reflection (around neck)
Wands
 a - a wand of digging (3)
 h - a wand of polymorph (1)
 H - a wand of quicksilver (12)
 U - a wand of paralysis (5)
Scrolls
 e - 3 scrolls of magic mapping
 f - 2 scrolls of brand weapon
 j - 4 scrolls of teleportation
 k - 2 scrolls of blinking
 m - 2 scrolls of fear
 u - 2 scrolls of butterflies
 z - a scroll of poison
 D - 2 scrolls of enchant armour
 I - 2 scrolls of fog
 K - a scroll of immolation
Potions
 c - a potion of lignification
 i - 2 potions of haste
 n - 2 potions of curing
 o - a potion of cancellation
 q - a potion of mutation
 r - 4 potions of flight
 t - a potion of ambrosia
 w - a potion of magic
 A - 2 potions of might
 B - a potion of attraction
 C - a potion of berserk rage
 E - 2 potions of brilliance
 F - a potion of resistance


   Skills:
 + Level 2.6 Fighting
 + Level 4.6(5.4) Axes
 + Level 4.9(5.6) Armour
 + Level 3.4(4.1) Dodging
 + Level 4.4(5.2) Stealth
 + Level 1.4(2.0) Shields
 + Level 11.4 Spellcasting


You knew the following spells:

 Your Spells              Type           Power      Damage    Failure   Level
a - Foxfire               Conj/Fire      100%       2x1d9     1%          1
b - Scorch                Fire           100%       2d9       1%          2
c - Volatile Blastmotes   Fire/Tloc      100%       2d18      1%          3
d - Inner Flame           Hex/Fire       62%        N/A       1%          3
e - Flame Wave            Conj/Fire      62%        2d14      1%          4
f - Sting                 Tmut/Pois      100%       1d8       1%          1
g - Wereblood             Tmut           62%        N/A       1%          2
h - Ignite Poison         Fire/Tmut/Pois 62%        N/A       1%          3
i - Manifold Assault      Tloc           62%        N/A       1%          4
j - Summon Mana Viper     Hex/Summ       62%        N/A       1%          5
Your spell library was empty.

Dungeon Overview and Level Annotations

Branches:
Dungeon (9/15)             Temple (0/1) D:7            Lair (0/5) D:9
    Orc (2/2) D:9         Ossuary (visited)
    Elf: Orc:2

Altars:
Ashenzari
Elyvilon
Makhleb
Nemelex Xobeh
Qazlal
Wu Jian
Zin

Shops:
D:6 [


Innate Abilities, Weirdness & Mutations

You are immune to sickness and miasma.
You are immune to poison.
Your flesh is very heat resistant. (rF++)
You are vulnerable to cold. (rC-)
You float through the air rather than walking.
You learn spells naturally, not from books.
Your magical power is your life essence.
You have superior vitality. (+4 MHP)


Message History

Confirm with . or Enter, or press ? or * to list all spells.
Casting: Flame Wave (safe; 1% risk of failure)
Press: ? - help, Dir - look around, f - activate A wave of flame ripples out!
The flame wave engulfs the orc wizard!
The orc wizard is severely wounded.
The flame wave engulfs the troll!
The troll is moderately wounded.
The flame wave engulfs the orc warrior!!
The orc warrior is severely wounded. (Press . to intensify the flame waves.)
The orc wizard hits you but does no damage.
You block the orc warrior's attack. The troll barely misses you.
You block the troll's attack. The troll claws you but does no damage.
Casting: Flame Wave (safe; 1% risk of failure)
Confirm with . or Enter, or press ? or * to list all spells.
Restarting spell: Flame Wave (safe; 1% risk of failure)
Press: ? - help, Dir - look around, f - activate A wave of flame ripples out!
The flame wave engulfs the orc wizard!
You kill the orc wizard!
The flame wave engulfs the troll!
The troll is heavily wounded.
The flame wave engulfs the orc warrior!!
You kill the orc warrior! (Press . to intensify the flame waves.)
The troll bites you! The troll claws you but does no damage.
You block the troll's attack.
Casting: Flame Wave (safe; 1% risk of failure)
Confirm with . or Enter, or press ? or * to list all spells.
A mana viper appears with a sibilant hiss.
The troll bites you. The troll closely misses you.
The troll claws you but does no damage. The troll bites you!
* * * LOW HITPOINT WARNING * * *
The troll claws you!
* * * LOW HITPOINT WARNING * * *
You block the troll's attack.
Things that are here:
a +0 flail; a +0 plate armour; an orc corpse The troll attacks as you move away!
The troll bites you!
You die...

#................#####
##............#.##
#.............########
#..............##.##.#
#..........##.##......
##...........#........
#..).............#..)
##..T>.............#..
#...S@.......#.....#..
##..............#.....
###.##...............
##.................#..
#..................#..
#....................^
##....................
#.....................
#.............>.......


You could see a troll (ally target) and a friendly mana viper (summoned).

Vanquished Creatures
  Harold (Orc:1)
  Pikel (D:6)
  An orc sorcerer (Orc:1)
  An unseen horror zombie (D:9)
  3 steam dragons
  Menkaure (D:7)
  2 wargs
  2 water moccasins
  A black bear (D:5)
  3 ice beasts
  12 orc warriors
  2 ogres
  3 centaurs
  2 kobold brigands
  2 lemures (D:6)
  3 phantoms (D:9)
  5 bullfrogs
  4 scorpions
  3 necrophages (D:9)
  7 wights
  3 troll zombies (D:9)
  6 killer bees (D:9)
  An electric eel (D:9)
  2 centaur zombies
  A human zombie (D:9)
  9 orc priests
  2 sleepcaps (D:5)
  A gnoll bouda (D:6)
  3 hounds
  10 iguanas
  10 orc wizards
  A killer bee zombie (D:9)
  5 ogre zombies (D:9)
  7 mummies
  2 howler monkey zombies (D:9)
  8 gnolls
  9 adders
  A white imp (D:6)
  An ufetubus (D:5)
  A worm (D:3)
  2 dart slugs (D:4)
  43 orcs
  5 bats
  10 endoplasms
  A giant cockroach (D:4)
  2 gnoll zombies (Ossuary)
  11 goblins
  6 hobgoblins
  2 quokkas
  7 ball pythons
  5 frilled lizards
  A goblin skeleton (D:9)
  4 goblin zombies (D:9)
  A hobgoblin skeleton (D:9)
  7 hobgoblin zombies
  12 kobolds
  2 orc skeletons (D:9)
  15 orc zombies
  4 rats
282 creatures vanquished.

Vanquished Creatures (collateral kills)
  An orc knight (Orc:1)
  A warg (Orc:1)
  4 orc warriors
  An orc priest (Orc:1)
  11 foxfires (D:4)
18 creatures vanquished.

Vanquished Creatures (others)
  890 foxfires
890 creatures vanquished.

Grand Total: 1190 creatures vanquished

Notes
Turn   | Place    | Note
-------+----------+-------------------------------------------
     0 | D:1      | unlimited1921 the Djinni Fire Elementalist began the quest
                  | for the Orb.
     0 | D:1      | unlimited1921 set off with the following spells memorised:
                  | Foxfire, Scorch, Volatile Blastmotes, Inner Flame, Flame
                  | Wave.
     0 | D:1      | Reached XP level 1. HP: 15/15 MP: 0/0
   617 | D:1      | Reached XP level 2. HP: 19/21 MP: 0/0
  2271 | D:2      | Reached skill level 3 in Spellcasting
  2456 | D:2      | Reached XP level 3. HP: 23/25 MP: 0/0
  2456 | D:2      | Learned a level 1 spell: Sting
  2709 | D:2      | Found a faded altar of an unknown god.
  4915 | D:4      | Reached XP level 4. HP: 28/31 MP: 0/0
  5671 | D:4      | Found a sparkling altar of Nemelex Xobeh.
  5671 | D:4      | Found a stormy altar of Qazlal.
  5682 | D:4      | Found a burning altar of Makhleb.
  5992 | D:4      | Noticed a scorpion
  6000 | D:4      | Killed a scorpion
  6001 | D:4      | Reached skill level 1 in Armour
  6001 | D:4      | Reached skill level 4 in Spellcasting
  6001 | D:4      | Reached XP level 5. HP: 32/35 MP: 0/0
  6001 | D:4      | Learned a level 2 spell: Wereblood
  7129 | D:4      | Reached XP level 6. HP: 34/40 MP: 0/0
  7825 | D:5      | Entered Level 5 of the Dungeon
  7968 | D:5      | Reached XP level 7. HP: 15/45 MP: 0/0
  7968 | D:5      | Learned a level 3 spell: Ignite Poison
  8188 | D:5      | Reached skill level 5 in Spellcasting
  8341 | D:5      | Noticed a water moccasin
  8345 | D:5      | Killed a water moccasin
  8381 | D:5      | Found a sand-covered staircase.
  8388 | Ossuary  | Entered an ossuary
  8465 | Ossuary  | Reached XP level 8. HP: 38/51 MP: 0/0
  8974 | D:5      | Reached skill level 6 in Spellcasting
 10266 | D:6      | Noticed Pikel
 10276 | D:6      | Killed Pikel
 10277 | D:6      | Reached skill level 7 in Spellcasting
 10277 | D:6      | Reached XP level 9. HP: 7/56 MP: 0/0
 10277 | D:6      | Learned a level 4 spell: Manifold Assault
 10457 | D:6      | Found a white marble altar of Elyvilon.
 10458 | D:6      | Found an ornate altar of the Wu Jian Council.
 10459 | D:6      | Found a broken altar of Ashenzari.
 10473 | D:6      | Became a worshipper of Ashenzari the Shackled
 10574 | D:6      | Reached skill level 8 in Spellcasting
 11021 | D:6      | Found Lecvyife's Armour Emporium.
 11350 | D:6      | Found a glowing silver altar of Zin.
 11481 | D:7      | Noticed Menkaure
 11484 | D:7      | Killed Menkaure
 11485 | D:7      | Reached skill level 1 in Fighting
 12448 | D:7      | Found a staircase to the Ecumenical Temple.
 12477 | D:7      | Reached skill level 9 in Spellcasting
 12477 | D:7      | Reached XP level 10. HP: 37/62 MP: 0/0
 13232 | D:8      | Reached skill level 1 in Axes
 13468 | D:8      | You are sucked into a shaft and drop 1 floor!
 14055 | D:9      | Reached skill level 10 in Spellcasting
 14188 | D:9      | Found a staircase to the Orcish Mines.
 14205 | D:9      | Reached * piety under Ashenzari
 14205 | D:9      | Identified a scroll of acquirement
 14207 | D:9      | Acquired the ring of the Meadowlark {Contam rN+ Will+ Int+3
                  | Slay+3}
 14864 | D:9      | Found a staircase to the Lair.
 16699 | Orc:1    | Entered Level 1 of the Orcish Mines
 16705 | Orc:1    | Reached XP level 11. HP: 45/68 MP: 0/0
 16705 | Orc:1    | Learned a level 5 spell: Summon Mana Viper
 17119 | Orc:1    | Noticed an orc sorcerer
 17121 | Orc:1    | Noticed Harold
 17127 | Orc:1    | Killed an orc sorcerer
 17128 | Orc:1    | Reached skill level 1 in Shields
 17130 | Orc:1    | Killed Harold
 18073 | Orc:1    | Noticed an orc knight
 18088 | Orc:1    | Reached skill level 11 in Spellcasting
 18360 | Orc:1    | Killed an orc knight
 18822 | Orc:2    | Entered Level 2 of the Orcish Mines
 19266 | Orc:1    | Slain by a troll

Illustrated notes

Levels and vault maps discovered:
D:1:      amcnicky_arrival_double_pillar, layout_basic, nicolae_titane
D:2:      layout_rooms, basic_ecumenical_altar, kennysheep_generic_room_6
D:3:      layout_basic
D:4:      layout_gridville, gammafunk_temple_overflow_forgotten, serial_bayou,
          serial_bayou_pond_c, serial_bayou_lagoon_a, serial_bayou_shore_b,
          serial_bayou_shore_a
D:5:      layout_rooms, enter_ossuary_1
D:6:      layout_cave_pools, lemuel_coloured_pillars_altar,
          chequers_temple_overflow_statue_of_worship, minmay_misc_feat_encased,
          kennysheep_small_square, uniq_pikel
D:7:      layout_rooms, minmay_temple_entry_statues_fountains, uniq_menkaure
D:8:      layout_layer_cave, uniq_erica
D:9:      layout_basic, lemuel_mausoleum_altar_kikubaaqudgha, dpeg_oklobed_lair,
          zombieorc2_lemuel, kennysheep_minor_cross, minivault_25_ag
Orc:1:    layout_caves, uniq_harold
Orc:2:    st_orc_pillars, layout_diamond_mine, serial_shops,
          nicolae_shop_rolling_square, basic_altar

Skill      XL: |  1  2  3  4  5  6  7  8  9 10 11 |
---------------+----------------------------------+-----
Spellcasting   | 3 4 5 7 9 10 11 | 11.4
Stealth        | 2 3 4 |  4.4
Armour         | 1 2 3 4 |  4.9
Fighting       | 1 2 |  2.6
Axes           | 3 4 |  4.6
Dodging        | 3 |  3.4
Shields        | 1 |  1.4

Action                     |  1- 3 |  4- 6 |  7- 9 | 10-12 || total
---------------------------+-------+-------+-------+-------++-------
  Melee: Falchion          |       |    12 |       |       ||    12
         War axe           |       |       |    20 |   197 ||   217
         Punch             |       |       |       |     2 ||     2
   Cast: Foxfire           |   121 |   113 |   202 |    89 ||   525
         Scorch            |     3 |     6 |    48 |    38 ||    95
         Inner Flame       |       |     2 |    19 |    60 ||    81
         Flame Wave        |       |       |     1 |    10 ||    11
         Manifold Assault  |       |       |    11 |    44 ||    55
         Volatile Blastmot |       |       |       |     4 ||     4
         Summon Mana Viper |       |       |       |    14 ||    14
 Invoke: Curse Item        |       |       |       |     2 ||     2
    Use: Scroll            |       |       |       |    14 ||    14
         Potion            |       |       |       |     2 ||     2
   Stab: Sleeping          |       |       |       |     6 ||     6
 Armour: Robe              |     4 |       |       |       ||     4
         Leather armour    |       |     1 |     6 |    37 ||    44
         Steam dragon scal |       |       |       |    16 ||    16
  Dodge: Dodged            |     5 |     9 |    20 |   115 ||   149
  Block: Other             |       |       |     1 |    49 ||    50
         Reflection        |       |       |       |     2 ||     2
